[Event "Titled Tuesday Blitz July 05 Late 2022"]
[White "Barp, Alberto"]
[Black "Sjugirov, Sanan"]
[WhiteFideId "872555"]
[BlackFideId "4189302"]
[WhiteElo "2229"]
[BlackElo "2609"]
[Result "0-1"]
[Round "06"]
[TimeControl "180+1"]
[Date "2022.07.05"]
[WhiteClock "0:00:01"]
[BlackClock "0:00:09"]

1. d4 Nf6 2. Nf3 d5 3. c4 e6 4. g3 Be7 5. Bg2 O-O 6. O-O dxc4 7. Ne5 Nc6 8. Bxc6 bxc6 9. Nxc6 Qe8 10. Nxe7+ Qxe7 11. Qa4 e5 12. dxe5 Qxe5 13. Nc3 Be6 14. Bf4 Qh5 15. f3 Qc5+ 16. Kg2 g5 17. Bd2 Rab8 18. Qc2 g4 19. Rad1 Rfe8 20. Qc1 Qh5 21. Rf2 Rbd8 22. Bf4 Rxd1 23. Qxd1 Bc8 24. h4 Qf5 25. Kg1 Bb7 26. Bg5 gxf3 27. exf3 Nd7 28. g4 Qe6 29. Bf4 Ne5 30. Bxe5 Qxe5 31. Kg2 Qf4 32. Nd5 Qd6 33. Rd2 Kg7 34. g5 Rd8 35. Qc1 Bxd5 36. Qc3+ Kg8 37. Qe3 Bxf3+ 0-1


[Site "https://www.chess.com"]

[Event "Titled Tuesday Blitz July 05 Late 2022"]
[White "Bilych, Olexiy"]
[Black "Bluebaum, Matthias"]
[WhiteFideId "14156504"]
[BlackFideId "24651516"]
[WhiteElo "2189"]
[BlackElo "2556"]
[Result "0-1"]
[Round "06"]
[TimeControl "180+1"]
[Date "2022.07.05"]
[WhiteClock "0:00:06"]
[BlackClock "0:00:35"]

1. e4 c6 2. d4 d5 3. e5 Bf5 4. h4 h5 5. Bd3 Bxd3 6. Qxd3 Qa5+ 7. Nd2 e6 8. Nf3 Nh6 9. O-O Nf5 10. Nb3 Qb5 11. Qd1 c5 12. a4 Qb6 13. a5 Qb5 14. dxc5 Bxc5 15. Nxc5 Qxc5 16. c3 Nc6 17. Bg5 a6 18. Re1 Rc8 19. Qe2 Nce7 20. Rec1 Ng3 21. Qd3 Ne4 22. Be3 Qc4 23. Qxc4 Rxc4 24. Ra3 Nf5 25. Rb3 Rc7 26. Bb6 Rd7 27. c4 O-O 28. cxd5 Rxd5 29. Rc7 Rd1+ 30. Kh2 Nh6 31. g3 Ng4+ 32. Kg2 Rb1 33. Rc4 f5 34. exf6 Nexf6 35. Bd4 Rf7 36. Rcb4 e5 37. Ba7 Rd7 38. Rxb7 Rdd1 39. Rb8+ Kh7 40. Ng5+ Kg6 41. Kf3 Rd2 42. R8b6 Rxf2# 0-1


[Site "https://www.chess.com"]

[Event "Titled Tuesday Blitz July 05 Late 2022"]
[White "Bjelobrk, Igor"]
[Black "Rios Escobar, Adan"]
[WhiteFideId "4300726"]
[BlackFideId "3403645"]
[WhiteElo "2335"]
[BlackElo "2485"]
[Result "1/2-1/2"]
[Round "06"]
[TimeControl "180+1"]
[Date "2022.07.06"]
[WhiteClock "0:00:34"]
[BlackClock "0:00:05"]

1. c4 Nf6 2. Nf3 g6 3. Nc3 Bg7 4. e4 d6 5. d4 O-O 6. h3 c6 7. Be3 Na6 8. Be2 e5 9. dxe5 dxe5 10. Qxd8 Rxd8 11. O-O Nh5 12. Rfd1 Be6 13. Ng5 Nf4 14. Nxe6 Nxe6 15. a3 Nd4 16. b4 Nc2 17. Rxd8+ Rxd8 18. Rd1 Rxd1+ 19. Nxd1 Nxe3 20. Nxe3 Nc7 21. c5 b5 22. Bg4 Ne6 23. Bxe6 fxe6 24. Kf1 Bh6 25. Ng4 Bg7 26. Ke2 h5 27. Nh2 Kf7 28. Nf3 Kf6 29. g4 hxg4 30. hxg4 Bh6 31. Ne1 Bc1 32. Nd3 Bh6 33. Kf3 Bg5 34. Kg3 Bd2 35. Kh4 a5 36. g5+ Bxg5+ 37. Kg4 Bd2 38. Kh4 a4 39. Kg4 Bc3 40. Kh4 Bd2 41. Kg4 Bc3 42. Kh4 Bd4 43. Kg4 Bc3 1/2-1/2


[Site "https://www.chess.com"]

[Event "Titled Tuesday Blitz July 05 Late 2022"]
[White "Bobadilla Viera, Jorge Samuel"]
[Black "Zhigalko, Sergei"]
[WhiteFideId "3906353"]
[BlackFideId "13502956"]
[WhiteElo "2202"]
[BlackElo "2662"]
[Result "0-1"]
[Round "06"]
[TimeControl "180+1"]
[Date "2022.07.05"]
[WhiteClock "0:00:40"]
[BlackClock "0:00:05"]

1. e4 c5 2. Nc3 Nc6 3. Nf3 Nf6 4. d4 cxd4 5. Nxd4 e5 6. Ndb5 d6 7. Nd5 Nxd5 8. exd5 Nb8 9. c4 Be7 10. Bd3 a6 11. Nc3 O-O 12. O-O f5 13. f3 Nd7 14. Be3 Bg5 15. Bf2 Qf6 16. Qc2 Nc5 17. Be2 a5 18. Nb5 Bd7 19. a4 b6 20. Rae1 Kh8 21. b3 Rae8 22. Bxc5 bxc5 23. Bd3 h5 24. Qc3 Qh6 25. Re2 e4 26. fxe4 Be3+ 27. Kh1 fxe4 28. Rfe1 exd3 29. Qxd3 Bd2 30. Rxe8 Bxe8 31. Rf1 Rxf1+ 32. Qxf1 Qf4 33. Qe2 Bg6 34. Nc7 Qd4 35. Qd1 Bc3 36. Qf1 Qd3 37. Qg1 Bd4 38. Qe1 Qc3 39. Qd1 Qa1 40. Qxa1 Bxa1 41. Nb5 Be5 42. Na3 Bd3 43. Kg1 h4 44. h3 Kh7 45. Kf2 Be4 46. Kg1 Kg6 47. Nb5 Kf6 48. Na3 Bd3 49. Kf2 Kf5 50. Ke3 Be4 51. Kf2 Bd4+ 52. Kf1 Bd3+ 53. Ke1 Ke5 54. Kd2 Be4 55. Nb5 Bxg2 56. Na7 Bxh3 57. Nc6+ Kf6 58. Ke2 Bg4+ 59. Kf1 Bc3 60. Nd8 Bd1 61. Ne6 Bxb3 62. Nf4 Bxc4+ 63. Kg1 Bd4+ 64. Kh1 Be5 65. Nh5+ Kf7 66. Kg2 Bxd5+ 67. Kh3 g6 68. Ng7 Kxg7 69. Kxh4 c4 0-1


[Site "https://www.chess.com"]

[Event "Titled Tuesday Blitz July 05 Late 2022"]
[White "Bortnyk, Olexandr"]
[Black "Swiercz, Dariusz"]
[WhiteFideId "14120828"]
[BlackFideId "1126881"]
[WhiteElo "2723"]
[BlackElo "2627"]
[Result "1-0"]
[Round "06"]
[TimeControl "180+1"]
[Date "2022.07.05"]
[WhiteClock "0:00:02"]
[BlackClock "0:00:09"]

1. d4 Nf6 2. Nc3 d5 3. Bf4 g6 4. e3 Bg7 5. h4 h5 6. Nb5 Na6 7. Nf3 O-O 8. Be2 c6 9. Nc3 Nc7 10. Ng5 Ne6 11. Be5 Bh6 12. f4 Ng7 13. Qd2 Nf5 14. O-O-O Ng3 15. Rhe1 Nxe2+ 16. Nxe2 Bxg5 17. fxg5 Ne4 18. Qb4 a5 19. Qa3 b5 20. Ng3 Nxg3 21. Bxg3 b4 22. Qd3 Bf5 23. Qd2 Be4 24. Be5 Rc8 25. Qf2 Qd7 26. Rd2 c5 27. dxc5 Rxc5 28. b3 Rfc8 29. Ree2 a4 30. Bd4 R5c7 31. Qf4 Qe6 32. bxa4 Rc4 33. Rf2 Ra8 34. g4 hxg4 35. h5 gxh5 36. g6 Qxg6 37. Qe5 Rxd4 38. exd4 g3 39. Rf1 Rc8 40. Kb2 h4 41. Qxe7 h3 42. Qh4 h2 43. Re1 h1=Q 44. Rxh1 Bxh1 45. Qxh1 Qg5 46. Rg2 Rc6 47. Qh3 Rg6 48. a5 Qf6 49. Qc8+ Kg7 50. Qc5 Qf3 51. Rg1 Qf2 52. Rd1 g2 53. Qxd5 g1=Q 54. Rxg1 Rxg1 55. a6 Qf1 56. Qe5+ Qf6 57. a7 1-0


[Site "https://www.chess.com"]

[Event "Titled Tuesday Blitz July 05 Late 2022"]
[White "Cardoso Cardoso, Jose Gabriel"]
[Black "Noboa Silva, Kevin"]
[WhiteFideId "4430492"]
[BlackFideId "3618471"]
[WhiteElo "2485"]
[BlackElo "2172"]
[Result "1-0"]
[Round "06"]
[TimeControl "180+1"]
[Date "2022.07.05"]
[WhiteClock "0:00:05"]
[BlackClock "0:00:01"]

1. Nf3 Nf6 2. b3 b6 3. g3 Bb7 4. Bg2 e6 5. Bb2 c5 6. O-O Be7 7. c4 a6 8. e3 O-O 9. Qe2 d6 10. d3 Qc7 11. Nc3 Re8 12. Rac1 Nbd7 13. Rfd1 Rac8 14. Bh3 Qb8 15. Ng5 h6 16. Nge4 Qa8 17. f4 b5 18. Bg2 b4 19. Nxf6+ Bxf6 20. Bxb7 Qxb7 21. Ne4 Bxb2 22. Qxb2 Qc6 23. Qg2 a5 24. d4 cxd4 25. exd4 d5 26. Nf2 dxc4 27. Qxc6 Rxc6 28. bxc4 Rec8 29. c5 Nf6 30. Nd3 Rd8 31. Ne5 Rc7 32. Kf2 Ne4+ 33. Ke3 Nc3 34. Rxc3 bxc3 35. Rc1 f6 36. Nc4 Rb8 37. Nb6 Kf7 38. Kd3 e5 39. fxe5 fxe5 40. Rxc3 exd4 41. Kxd4 Rd8+ 42. Kc4 Rd2 43. a4 Rb2 44. Kd4 Rb4+ 45. Rc4 Rb2 46. Kd5 Rd2+ 47. Rd4 Rc2 48. Nc4 Rxh2 49. Kd6 Ra7 50. c6 Rg2 51. c7 Rxc7 52. Kxc7 Rxg3 53. Nxa5 h5 54. Nc6 Ra3 55. a5 g5 56. Kb6 h4 57. Ne5+ Ke6 58. Nc4 Ra2 59. Rg4 Kf5 60. Ne3+ Kg6 61. a6 h3 62. Rg3 h2 63. Rh3 Kf6 64. Rxh2 Ra3 65. Nc4 1-0


[Site "https://www.chess.com"]

[Event "Titled Tuesday Blitz July 05 Late 2022"]
[White "Chernobay, Artem"]
[Black "Dauner, Benedikt"]
[WhiteFideId "4167406"]
[BlackFideId "16225899"]
[WhiteElo "2473"]
[BlackElo "2230"]
[Result "0-1"]
[Round "06"]
[TimeControl "180+1"]
[Date "2022.07.05"]
[WhiteClock "0:00:01"]
[BlackClock "0:00:14"]

1. d4 b6 2. c4 Bb7 3. Nc3 Nf6 4. Qc2 d5 5. cxd5 Nxd5 6. e4 Nxc3 7. bxc3 e6 8. Nf3 Be7 9. Bb5+ c6 10. Be2 O-O 11. O-O Nd7 12. Rd1 Rc8 13. Bf4 Qe8 14. a4 Nf6 15. c4 Bb4 16. Bd3 h6 17. Rdb1 a5 18. Bd2 c5 19. d5 e5 20. Bc1 Nd7 21. Bb2 Qe7 22. Rf1 Rfe8 23. g3 Rcd8 24. Nh4 Bc8 25. f4 f6 26. Be2 exf4 27. Rxf4 Ne5 28. Raf1 Bh3 29. R1f2 Be1 30. Bh5 Bxf2+ 31. Rxf2 Rf8 32. Qd1 Qd7 33. Be2 Bg4 34. Nf5 Bxf5 35. Rxf5 Rde8 36. Qc2 Nf7 37. Bh5 Re7 38. Rf4 Nd6 39. Bg6 Rfe8 40. Bxe8 Qxe8 41. Qb3 Rxe4 42. Rxe4 Qxe4 43. Qxb6 Qe1+ 44. Kg2 Qe2+ 45. Kh3 Ne4 46. Bc1 Nf2+ 47. Kg2 Ng4+ 48. Kh3 h5 49. Qd8+ Kh7 0-1


[Site "https://www.chess.com"]

[Event "Titled Tuesday Blitz July 05 Late 2022"]
[White "D`Arruda, Ricardo D."]
[Black "Barria Zuniga, Daniel"]
[WhiteFideId "100692"]
[BlackFideId "3400816"]
[WhiteElo "2450"]
[BlackElo "2414"]
[Result "0-1"]
[Round "06"]
[TimeControl "180+1"]
[Date "2022.07.06"]
[WhiteClock "0:00:12"]
[BlackClock "0:00:07"]

1. d4 Nf6 2. Nf3 e6 3. Nc3 Bb4 4. e4 Nxe4 5. Qd3 f5 6. a3 Bxc3+ 7. bxc3 O-O 8. Nd2 d5 9. f3 Nd6 10. c4 c6 11. Be2 b6 12. cxd5 cxd5 13. Kf2 Ba6 14. Qe3 Qf6 15. Bxa6 Nxa6 16. Re1 Nc7 17. Bb2 Rfe8 18. Rac1 Nc4 19. Nxc4 dxc4 20. Qc3 b5 21. Qa5 Nd5 22. g3 a6 23. Re2 Qd8 24. Qd2 Qc7 25. c3 Kf7 26. Rce1 h6 27. h4 Rad8 28. Kg2 Nf6 29. Bc1 Nd5 30. Qc2 Qc6 31. Bd2 Qd6 32. Qc1 Rg8 33. Re5 Rde8 34. Bf4 Qd7 35. h5 Qd8 36. Qd2 Qa5 37. Bxh6 Qxc3 38. Qg5 gxh6 39. Qxh6 Qxd4 40. Rxe6 Nf6 41. Rxe8 Rxe8 42. Rxe8 Kxe8 43. Qg6+ Ke7 44. h6 Qd2+ 45. Kh3 Qc1 46. Kg2 Qd2+ 47. Kh3 Qe1 48. Kg2 Qe2+ 49. Kh3 Qxf3 50. h7 Qh1# 0-1


[Site "https://www.chess.com"]

[Event "Titled Tuesday Blitz July 05 Late 2022"]
[White "Dardha, Daniel"]
[Black "Manukian, Artak"]
[WhiteFideId "240990"]
[BlackFideId "13301373"]
[WhiteElo "2482"]
[BlackElo "2444"]
[Result "1-0"]
[Round "06"]
[TimeControl "180+1"]
[Date "2022.07.05"]
[WhiteClock "0:01:47"]
[BlackClock "0:00:52"]

1. d4 Nf6 2. Bg5 c5 3. Bxf6 gxf6 4. dxc5 Qa5+ 5. Nc3 Qxc5 6. e4 h5 7. Nd5 Kd8 8. Qd2 Bh6 9. f4 e5 10. O-O-O exf4 11. Nf3 Nc6 12. Kb1 Ne5 13. Nxf6 Nxf3 14. gxf3 Qe7 15. e5 a5 16. Qd4 Qb4 17. Bc4 b5 18. Qb6+ Ke7 19. Nd5+ 1-0


[Site "https://www.chess.com"]

[Event "Titled Tuesday Blitz July 05 Late 2022"]
[White "De Arruda, Leandro Formes"]
[Black "Gardezi, Arsal"]
[WhiteFideId "22722009"]
[BlackFideId "30949521"]
[WhiteElo "1852"]
[BlackElo "1781"]
[Result "0-1"]
[Round "06"]
[TimeControl "180+1"]
[Date "2022.07.06"]
[WhiteClock "0:00:07"]
[BlackClock "0:00:27"]

1. d4 Nf6 2. Nf3 e6 3. e3 b6 4. Bd3 Bb7 5. Nbd2 Be7 6. O-O O-O 7. b3 d5 8. Bb2 c5 9. Ne5 Nc6 10. f4 Bd6 11. Qf3 Ne7 12. g4 Qc7 13. g5 Ne8 14. Qh5 g6 15. Qh6 Bxe5 16. fxe5 Ng7 17. Rf6 Kh8 18. Raf1 Ng8 19. Qh4 c4 20. bxc4 dxc4 21. Nxc4 Nxf6 22. gxf6 Nf5 23. Qh3 h5 24. e4 Nh6 25. Nd6 Rad8 26. Bc1 Kh7 27. Be2 Rxd6 28. Qe3 Ng8 29. exd6 Qxd6 30. e5 Qc6 31. Bf3 Qc7 32. Bxb7 Qxb7 33. c4 Rc8 34. Qd3 Nh6 35. Bxh6 Kxh6 36. d5 b5 37. Rc1 bxc4 38. Rxc4 Rxc4 39. Qxc4 Qxd5 40. Qxd5 exd5 41. Kf2 Kg5 42. Ke3 Kf5 43. Kd4 Ke6 44. h4 a6 45. a3 a5 46. a4 g5 47. hxg5 h4 48. g6 fxg6 49. f7 Kxf7 50. Kxd5 h3 51. Kd6 h2 52. Kd7 h1=Q 53. e6+ Kf6 54. e7 Qd5+ 55. Ke8 Ke6 56. Kf8 Qa8+ 57. Kg7 Kxe7 58. Kxg6 Qc6+ 0-1


[Site "https://www.chess.com"]

[Event "Titled Tuesday Blitz July 05 Late 2022"]
[White "De Souza, Cristiano Gomes"]
[Black "Rama, Tejas"]
[WhiteFideId "2151758"]
[BlackFideId "30907381"]
[WhiteElo "2068"]
[BlackElo "1430"]
[Result "0-1"]
[Round "06"]
[TimeControl "180+1"]
[Date "2022.07.06"]
[WhiteClock "0:00:09"]
[BlackClock "0:00:13"]

1. d4 Nf6 2. c4 e6 3. Nf3 d5 4. Nc3 c5 5. cxd5 Nxd5 6. e4 Nxc3 7. bxc3 cxd4 8. cxd4 Bb4+ 9. Bd2 Bxd2+ 10. Qxd2 O-O 11. Be2 b6 12. Qe3 Ba6 13. O-O Bxe2 14. Qxe2 Nc6 15. Rfd1 Rc8 16. Rac1 Qe7 17. Qb5 Qb7 18. d5 exd5 19. exd5 Na5 20. d6 Rxc1 21. Rxc1 a6 22. Qe5 Nc6 23. Qd5 Nd8 24. Qxb7 Nxb7 25. d7 Nc5 26. Ne5 f6 27. Nc4 Nxd7 28. Rd1 Rc8 29. Rxd7 Rxc4 30. g3 Ra4 31. Rd6 b5 32. Rd2 Kf7 33. Kg2 Ra3 34. h4 h5 35. Rb2 Ke6 36. Rd2 Ke5 37. Kf1 Ke4 38. Ke2 g5 39. hxg5 fxg5 40. Rc2 h4 41. gxh4 gxh4 42. Kf1 h3 43. Kg1 Kd3 44. Rb2 Kc3 45. Re2 Kb4 46. Kh2 Rf3 47. Re6 a5 48. Re4+ Ka3 49. Re3+ Rxe3 50. fxe3 b4 51. e4 Kxa2 52. e5 b3 53. e6 b2 54. e7 b1=Q 55. e8=Q Qb3 56. Qe2+ Qb2 57. Qxb2+ Kxb2 58. Kxh3 a4 0-1


[Site "https://www.chess.com"]

[Event "Titled Tuesday Blitz July 05 Late 2022"]
[White "Deac, Bogdan-Daniel"]
[Black "Jaracz, Pawel"]
[WhiteFideId "1226380"]
[BlackFideId "1102222"]
[WhiteElo "2648"]
[BlackElo "2459"]
[Result "1-0"]
[Round "06"]
[TimeControl "180+1"]
[Date "2022.07.05"]
[WhiteClock "0:00:14"]
[BlackClock "0:00:01"]

1. d4 Nf6 2. c4 e6 3. g3 Bb4+ 4. Nd2 d5 5. Bg2 O-O 6. Nf3 dxc4 7. Qc2 b5 8. a4 c6 9. axb5 cxb5 10. Ng5 h6 11. Bxa8 hxg5 12. O-O a5 13. Nf3 g4 14. Ng5 Qxd4 15. Be3 Qe5 16. Rfd1 Nbd7 17. Bc6 Bc5 18. Bf4 Bxf2+ 19. Kf1 Qc5 20. Bxd7 e5 21. Bc1 Bb7 22. Rxa5 Bg1 23. e3 Bxe3 24. Rxb5 Qa7 25. Rxb7 Qxb7 26. Bxe3 Rd8 27. Bf5 Qh1+ 28. Bg1 Rxd1+ 29. Qxd1 g6 30. Be6 fxe6 31. Qd8+ Kg7 32. Qe7+ Kh6 33. Qxf6 Qd5 34. Nf7+ 1-0


[Site "https://www.chess.com"]

[Event "Titled Tuesday Blitz July 05 Late 2022"]
[White "Diaz Perez, Michel Alejandro"]
[Black "Eynullayev, Altay"]
[WhiteFideId "3517179"]
[BlackFideId "13413562"]
[WhiteElo "2313"]
[BlackElo "2079"]
[Result "1-0"]
[Round "06"]
[TimeControl "180+1"]
[Date "2022.07.06"]
[WhiteClock "0:00:50"]
[BlackClock "0:00:20"]

1. e4 c5 2. Nf3 d6 3. c3 Nf6 4. Be2 Bd7 5. d3 g6 6. h3 Bg7 7. Nbd2 O-O 8. a4 Nc6 9. Nc4 b6 10. O-O a6 11. Bg5 Rb8 12. Ne3 e6 13. Qc2 h6 14. Bh4 b5 15. axb5 axb5 16. Bg3 Qe7 17. Ra6 Rfc8 18. Rfa1 b4 19. Nc4 Ne8 20. Qd2 bxc3 21. bxc3 Rb3 22. d4 cxd4 23. cxd4 Rxf3 24. Bxf3 Nxd4 25. Nxd6 Rc2 26. Qd3 Nxd6 27. Rxd6 Bb5 28. Ra8+ Kh7 29. Qa3 Qg5 30. Rdd8 Qd2 31. Kh2 Nxf3+ 32. Qxf3 Qe1 33. Qxf7 g5 34. Rh8# 1-0


[Site "https://www.chess.com"]

[Event "Titled Tuesday Blitz July 05 Late 2022"]
[White "Dilanyan, Grigor"]
[Black "Corrales Jimenez, Fidel"]
[WhiteFideId "13303570"]
[BlackFideId "3506690"]
[WhiteElo "2279"]
[BlackElo "2541"]
[Result "1-0"]
[Round "06"]
[TimeControl "180+1"]
[Date "2022.07.05"]
[WhiteClock "0:00:12"]
[BlackClock "0:00:09"]

1. d4 Nf6 2. Nf3 g6 3. Bg5 Bg7 4. Nbd2 d5 5. e3 O-O 6. Bd3 b6 7. Qe2 Bb7 8. h4 c5 9. c3 h5 10. Ne5 Nc6 11. f4 Nxe5 12. fxe5 Ng4 13. O-O Qd7 14. a4 f6 15. exf6 exf6 16. Bf4 f5 17. Nf3 c4 18. Bc2 Rae8 19. Qd2 Re7 20. b3 Rfe8 21. Rfe1 Bc6 22. a5 b5 23. b4 a6 24. Bd1 Bb7 25. Ng5 Nf6 26. Bc2 Bc8 27. Nf3 Re6 28. Ne5 Qd8 29. Nxg6 Ne4 30. Bxe4 Rxg6 31. Bf3 Qxh4 32. Qf2 Qf6 33. Bxd5+ Kh7 34. Qf3 Rg4 35. Kf2 Qg6 36. Rh1 Bf6 37. Rh3 Kg7 38. Rah1 h4 39. g3 Rh8 40. gxh4 Rh5 41. Ke2 Bd7 42. Qf2 Qe8 43. Kd2 Bc6 44. Qf3 Bxd5 45. Qxd5 Kg6 46. R3h2 Kh7 47. Rg2 Qg6 48. Rxg4 fxg4 49. Qb7+ Bg7 50. Qg2 Qd3+ 51. Ke1 Qxc3+ 52. Kf2 Qb2+ 53. Kg3 Qxb4 54. Qe4+ Kh8 55. Qe8+ Bf8 56. Qxh5+ Kg8 57. Qg6+ Bg7 58. Be5 Qe7 59. Qxg7+ Qxg7 60. Bxg7 Kxg7 61. Kxg4 c3 62. Kf3 b4 63. Ke2 b3 64. Kd3 c2 65. Kc3 1-0


[Site "https://www.chess.com"]

[Event "Titled Tuesday Blitz July 05 Late 2022"]
[White "Domingo Nunez, Alejandro"]
[Black "Holt, Conrad"]
[WhiteFideId "22245561"]
[BlackFideId "2034387"]
[WhiteElo "2222"]
[BlackElo "2586"]
[Result "1-0"]
[Round "06"]
[TimeControl "180+1"]
[Date "2022.07.05"]
[WhiteClock "0:00:10"]
[BlackClock "0:00:03"]

1. Nf3 d5 2. g3 Bg4 3. Bg2 Nd7 4. h3 Bxf3 5. Bxf3 e6 6. d4 Ngf6 7. O-O c6 8. Nd2 Bd6 9. e4 dxe4 10. Nxe4 Nxe4 11. Bxe4 O-O 12. Bg2 Qc7 13. c4 e5 14. Be3 exd4 15. Bxd4 Rad8 16. Qc2 Nc5 17. Rad1 Ne6 18. Bc3 Bc5 19. b4 Bd4 20. c5 Rd7 21. Rd3 Rfd8 22. Rfd1 Qe5 23. Re1 Qf5 24. Bxd4 Nxd4 25. Rxd4 Qxc2 26. Rxd7 Rf8 27. Rxb7 Qd2 28. Ree7 Qc1+ 29. Kh2 Qb2 30. b5 cxb5 31. Rxf7 Rd8 32. c6 Qc2 33. c7 Rc8 34. Rd7 Qxf2 35. Rb8 h5 36. Rxc8+ Kh7 37. Rh8+ Kxh8 38. c8=Q+ Kh7 39. Rd8 h4 40. Rh8+ Kg6 41. Qe6+ Kg5 42. gxh4+ Kf4 43. Qe4# 1-0


[Site "https://www.chess.com"]

[Event "Titled Tuesday Blitz July 05 Late 2022"]
[White "Drygalov, Andrey"]
[Black "Tica, Sven"]
[WhiteFideId "24171735"]
[BlackFideId "14526948"]
[WhiteElo "2531"]
[BlackElo "2346"]
[Result "1/2-1/2"]
[Round "06"]
[TimeControl "180+1"]
[Date "2022.07.05"]
[WhiteClock "0:00:10"]
[BlackClock "0:00:36"]

1. e4 g6 2. d4 Bg7 3. Nc3 a6 4. f4 b5 5. Nf3 Bb7 6. Bd3 d6 7. O-O Nd7 8. Be3 e6 9. f5 Ngf6 10. fxe6 fxe6 11. a3 O-O 12. Qe1 Ng4 13. Bd2 c5 14. h3 Ngf6 15. Ng5 Qe7 16. e5 dxe5 17. dxe5 Nd5 18. Nf3 c4 19. Be4 Nxe5 20. Kh1 Nxc3 21. Bxb7 Qxb7 22. Bxc3 Nxf3 23. Qxe6+ Kh8 24. Bxg7+ Kxg7 25. gxf3 Rxf3 26. Qe5+ Kh6 27. Kh2 Raf8 28. Rxf3 Qxf3 29. Rg1 Rf5 30. Qe7 Qf2+ 31. Kh1 Qf3+ 32. Kh2 Qf4+ 33. Kh1 Re5 34. Qb7 Re2 35. Rg2 Qf1+ 36. Kh2 Qxg2+ 37. Qxg2 Rxg2+ 38. Kxg2 Kg5 39. Kg3 Kf5 40. Kf3 g5 41. b3 cxb3 42. cxb3 h5 43. Ke3 g4 44. hxg4+ hxg4 45. a4 bxa4 46. bxa4 a5 47. Kf2 Kf4 48. Kg2 g3 49. Kg1 Ke4 50. Kg2 Kd4 51. Kxg3 Kc4 52. Kf2 Kb4 53. Ke1 Kxa4 54. Kd1 Kb3 55. Kc1 Ka3 56. Kb1 Kb3 57. Ka1 a4 58. Kb1 a3 59. Ka1 a2 1/2-1/2


[Site "https://www.chess.com"]

[Event "Titled Tuesday Blitz July 05 Late 2022"]
[White "Ezat, Mohamed"]
[Black "Navarrete Mendez, Gonzalo Alberto"]
[WhiteFideId "10600906"]
[BlackFideId "5106850"]
[WhiteElo "2386"]
[BlackElo "2261"]
[Result "1-0"]
[Round "06"]
[TimeControl "180+1"]
[Date "2022.07.05"]
[WhiteClock "0:01:43"]
[BlackClock "0:00:19"]

1. d4 d5 2. c4 dxc4 3. e3 Nc6 4. Bxc4 e5 5. d5 Nce7 6. Nc3 Ng6 7. h4 h5 8. Nf3 Nf6 9. Qc2 a6 10. Ng5 Bd6 11. Ne6 Qd7 12. Nxg7+ Kf8 13. Ne6+ Kg8 14. Rh3 b5 15. Rg3 Ng4 16. Be2 fxe6 17. Qxg6+ Qg7 18. Bxg4 Qxg6 19. Bxe6+ Kh7 20. Rxg6 Kxg6 21. Bxc8 Raxc8 22. g3 b4 23. Ne4 Kf5 24. f3 Kg6 25. Ke2 a5 26. Bd2 Rhd8 27. Rc1 Kf5 28. Rc6 Rd7 29. Ra6 Be7 30. g4+ hxg4 31. Ng3# 1-0


[Site "https://www.chess.com"]

[Event "Titled Tuesday Blitz July 05 Late 2022"]
[White "Fedoseev, Vladimir"]
[Black "Riehle, Marco"]
[WhiteFideId "24130737"]
[BlackFideId "12904392"]
[WhiteElo "2726"]
[BlackElo "2462"]
[Result "1-0"]
[Round "06"]
[TimeControl "180+1"]
[Date "2022.07.05"]
[WhiteClock "0:01:45"]
[BlackClock "0:02:10"]

1. e4 e5 2. Nf3 Nf6 3. d4 Nxe4 4. Bd3 Nc6 5. dxe5 Nc5 6. O-O Be7 7. Re1 O-O 8. Bb5 a6 9. Bxc6 bxc6 10. Nc3 d5 11. Nd4 Bb7 12. Qg4 Qc8 13. Nf5 1-0


[Site "https://www.chess.com"]

[Event "Titled Tuesday Blitz July 05 Late 2022"]
[White "Gong, Patrick"]
[Black "Della Morte, German"]
[WhiteFideId "3222500"]
[BlackFideId "113522"]
[WhiteElo "2103"]
[BlackElo "2363"]
[Result "1-0"]
[Round "06"]
[TimeControl "180+1"]
[Date "2022.07.06"]
[WhiteClock "0:00:14"]
[BlackClock "0:00:02"]

1. e4 Nc6 2. Nc3 e5 3. Bc4 Nf6 4. d3 Bc5 5. f4 O-O 6. Nf3 Ng4 7. Qe2 exf4 8. Bxf4 Bf2+ 9. Kd2 Bc5 10. h3 Nge5 11. Bb3 d6 12. Raf1 Be6 13. Nd5 Nxf3+ 14. Qxf3 Nd4 15. Qh5 Nxb3+ 16. axb3 c6 17. Nc3 Bb4 18. Kc1 a5 19. Qg5 f6 20. Qg3 b5 21. Na2 Bc5 22. Rd1 a4 23. b4 Bb6 24. Bxd6 Bxa2 25. e5 Rf7 26. Rhe1 Be6 27. exf6 Rxf6 28. Be5 Rg6 29. Qf3 Bd5 30. Qf5 a3 31. bxa3 Rxa3 32. Bb2 Ra8 33. g4 Qf8 34. Qe5 Qf7 35. Rf1 Qe6 36. Qc3 Be3+ 37. Rd2 Bxd2+ 38. Kxd2 Re8 39. Kc1 Qe3+ 40. Kb1 Qe6 41. Qd4 Rf6 42. Rg1 Rf7 43. Bc3 Qe3 44. Re1 Qxe1+ 45. Bxe1 Rxe1+ 46. Kb2 Re8 47. Qc5 Rd7 48. c4 bxc4 49. dxc4 Be4 50. Qe3 Rd3 51. Qg5 Rd7 52. Qh5 Bg6 53. Qc5 Re6 54. b5 cxb5 55. Qc8+ Be8 56. cxb5 Rb6 57. Qc5 Rbb7 58. Qd5+ Kh8 59. Qc4 h6 60. Qe4 Re7 61. Qf5 Bf7 62. Qc8+ Kh7 63. Qc6 Rec7 64. Qe4+ Bg6 65. Qe5 Re7 66. Qd5 Re2+ 67. Kc3 Ree7 68. h4 Rec7+ 69. Kb4 Rd7 70. Qc6 Re7 71. h5 Be4 72. Qd6 Rbd7 73. Qf4 Rd4+ 74. Kc5 Rd5+ 75. Kc4 Rde5 76. Qf2 Bb7 77. Kb4 Re4+ 78. Ka5 Rxg4 79. Qf5+ Kg8 80. Qxg4 Kf7 81. Qf5+ Ke8 82. Kb6 1-0


[Site "https://www.chess.com"]

[Event "Titled Tuesday Blitz July 05 Late 2022"]
[White "Gubajdullin, Alexei"]
[Black "Boder, Jan"]
[WhiteFideId "4141202"]
[BlackFideId "16243226"]
[WhiteElo "2190"]
[BlackElo "2064"]
[Result "0-1"]
[Round "06"]
[TimeControl "180+1"]
[Date "2022.07.06"]
[WhiteClock "0:00:02"]
[BlackClock "0:00:05"]

1. c4 e5 2. Nc3 Nf6 3. Nf3 Nc6 4. e3 Bb4 5. Qc2 Bxc3 6. Qxc3 e4 7. Nd4 Ne5 8. f4 exf3 9. Nxf3 Nxf3+ 10. gxf3 d6 11. Rg1 Be6 12. b3 Qe7 13. Rxg7 O-O-O 14. Bb2 Nd7 15. O-O-O Rhg8 16. Bd3 Ne5 17. Rxg8 Rxg8 18. Bxh7 Rg2 19. f4 Rxh2 20. Bc2 Nc6 21. Qf6 a5 22. Qxe7 Nxe7 23. e4 Nc6 24. f5 Bd7 25. Rg1 Be8 26. a3 Kd7 27. Bc3 b6 28. b4 Ne5 29. Bxe5 dxe5 30. Ba4+ c6 31. Rg8 axb4 32. axb4 Rh4 33. d3 Rh6 34. Bxc6+ Rxc6 35. Kc2 Rh6 36. Kc3 Rh3 37. b5 Ke7 38. Rg1 Bd7 39. Ra1 Rh6 40. Ra7 Rd6 41. Rb7 Kd8 42. Rb8+ Kc7 43. Rf8 f6 44. Rf7 Kd8 45. Rf8+ Ke7 46. Rb8 Be8 47. Rb7+ Bd7 48. Kc2 Kd8 49. Rb8+ Kc7 50. Rf8 Bc8 51. Kd2 Bb7 52. Ke3 Bc8 53. Ke2 Bd7 54. Ke3 Kb7 55. Rd8 Kc7 56. Rf8 Bc8 57. Ke2 Kd7 58. Rf7+ Ke8 59. Rh7 Bd7 60. Rh3 Ke7 61. Rg3 Be8 62. Rg8 Rd8 63. Kd2 Bf7 0-1


[Site "https://www.chess.com"]

[Event "Titled Tuesday Blitz July 05 Late 2022"]
[White "Hakobyan, Aram"]
[Black "Ibarra Jerez, Jose Carlos"]
[WhiteFideId "13306677"]
[BlackFideId "2226332"]
[WhiteElo "2557"]
[BlackElo "2628"]
[Result "1-0"]
[Round "06"]
[TimeControl "180+1"]
[Date "2022.07.05"]
[WhiteClock "0:00:54"]
[BlackClock "0:00:03"]

1. d4 Nf6 2. c4 d6 3. Nf3 g6 4. Nc3 Bf5 5. Qb3 b6 6. Ng5 Nc6 7. e4 Bd7 8. Nf3 Bg7 9. h3 O-O 10. Be3 e5 11. dxe5 dxe5 12. Rd1 Qc8 13. Be2 Nh5 14. Nd5 Re8 15. O-O Nf4 16. Nxf4 exf4 17. Bxf4 Rxe4 18. Be3 Na5 19. Qc2 Bf5 20. Qc1 Bxh3 21. Ng5 Bg4 22. Nxe4 Bxe2 23. Bd4 Qg4 24. f3 Bxf3 25. Rxf3 Qxe4 26. Bxg7 Kxg7 27. Qg5 Qe6 28. Rdf1 f5 29. Rxf5 Re8 30. Rf7+ Kg8 31. Qh6 Qe3+ 32. Qxe3 Rxe3 33. Rxc7 Re4 34. b3 h5 35. Rf6 Rg4 36. Rd6 1-0


[Site "https://www.chess.com"]